 Dungeon Crawl Stone Soup version 0.30-a0-359-gd0147acb1a (webtiles) character file.

Game seed: 16814631119068349581

318 NinjaNoafa the Magician (level 6, 0/41 HPs)
             Began as a Demonspawn Wanderer on Nov 11, 2022.
             Slain by a kobold
             ... wielding a +0 dagger
              (2 damage)
             ... in a sewer.
             The game lasted 00:07:39 (2303 turns).

NinjaNoafa the Magician (Demonspawn Wanderer)       Turns: 2303, Time: 00:07:40

Health: 0/41       AC:  5    Str:  9 (10) XL:     6   Next: 21%
Magic:  12/13      EV:  9    Int: 20 (21) God:
Gold:   114        SH:  6    Dex:  8 (11) Spells: 14/15 levels left

rFire   . . .      SeeInvis .    f - +3 short sword {Gold}
rCold   . . .      Faith    .    a - +2 buckler
rNeg    . . .      Spirit   .    c - +0 ring mail
rPois   .          Reflect  .    (no helmet)
rElec   .          Harm     .    (no cloak)
rCorr   .          Rampage  .    (no gloves)
Will    .....                    (no boots)
Stlth   ..........               (no amulet)
HPRegen 0.26/turn                (no ring)
MPRegen 0.13/turn                (no ring)

@: very slow
A: foul stench 2, powered by death 1, big brain 1
a: no special abilities


You were in a sewer.
You visited 1 branch of the dungeon, and saw 3 of its levels.
You also visited: Sewer.

You collected 114 gold pieces.

Inventory:

Hand Weapons
 f - a +3 short sword (weapon) {Gold}
Missiles
 e - 37 stones
Armour
 a - a +2 buckler (worn)
 c - a +0 ring mail (worn)
Jewellery
 q - an amulet of faith
Scrolls
 d - 2 scrolls of enchant armour {unknown}
 g - a scroll of blinking {unknown}
 h - 2 scrolls of teleportation {unknown}
 i - a scroll of identify {unknown}
 k - a scroll of summoning {unknown}
 l - 2 scrolls of fear {unknown}
Potions
 m - a potion of lignification
 n - a potion of degeneration
 p - a potion of ambrosia {unknown}
 r - a potion of brilliance {unknown}


   Skills:
 - Level 1.7 Armour
 + Level 4.3 Shields
 - Level 5.0 Spellcasting
 - Level 5.0 Summonings


You had 14 spell levels left.
You knew the following spells:

 Your Spells              Type           Power      Damage    Failure   Level
a - Summon Small Mammal   Summ           100%       N/A       5%          1

Your spell library contained the following spells:

 Spells                   Type           Power      Damage    Failure   Level
 Call Imp                 Summ           25%        N/A       8%          2
 Beastly Appendage        Tmut           10%        N/A       38%         1
 Cigotuvi's Dreadful Rot  Necr/Pois/Air  10%        N/A       52%         2
 Sublimation of Blood     Necr           5%         N/A       52%         2
 Wereblood                Tmut           5%         N/A       52%         2
 Spider Form              Tmut/Pois      5%         N/A       77%         3
 Summon Lightning Spire   Summ/Air       15%        N/A       82%         4


Dungeon Overview and Level Annotations

Branches:
Dungeon (3/15)              Sewer (1/1)

Altars:
Cheibriados

Shops:
D:1 *


Innate Abilities, Weirdness & Mutations

You sometimes emit foul miasma when damaged in melee.
You regenerate a little health from kills.
You have an unusually large brain. (Int +2)


Message History

It was a potion of lignification.
You turn into a tree.
Your +0 ring mail melds into your body.
Your roots penetrate the ground.
The kobold hits you but does no damage.
The river rat bites you but does no damage.
Your quokka closely misses the river rat.
It was a potion of invisibility.
You fade into invisibility!
The kobold hits you but does no damage.
Your quokka bites the river rat.
The river rat bites you but does no damage.
It was a potion of magic.
Magic courses through your body. The kobold hits you but does no damage.
Your quokka closely misses the river rat.
The river rat bites you but does no damage.
You completely miss the river rat.
The river rat is moderately wounded.
Your quokka closely misses the river rat.
The kobold hits you with a +0 dagger.
* * * LOW HITPOINT WARNING * * *
You block the river rat's attack.
You closely miss the river rat.
The river rat is moderately wounded.
Your quokka bites the river rat but does no damage.
You block the kobold's attack. You block the river rat's attack.
Your quokka bites the river rat but does no damage.
Casting: Summon Small Mammal (safe; 1% risk of failure)
Confirm with . or Enter, or press ? or * to list all spells.
You don't know that spell.
Casting: Summon Small Mammal (safe; 1% risk of failure)
Confirm with . or Enter, or press ? or * to list all spells.
The kobold hits you but does no damage. The river rat bites you.
* * * LOW HITPOINT WARNING * * *
Your quokka barely misses the river rat.
It was a potion of cancellation.
Your magical effects are unravelling.
You feel magically purged.
You feel less wooden.
Your +0 ring mail unmelds from your body.
You flicker back into view.
The kobold hits you with a +0 dagger.
You die...

###.......###P.P#....
#≈≈..††.~~#.~.P.P..~#
≈≈≈.....~~~~.~~.P#~##
≈≈...#~#.~~~~~~.P# #
≈≈.∩.#~#~~†..~.~~#
≈≈.∩.#~#.~..######
≈....#~##.~~~~~~~#
###..#~####~######
~P.#~# #...†r@#
#P##~# #~.)rKr#
PP##~# ##~†.)## .##
#~...~~~~ ##~~.####
~~.~~~. ###...~~.
#~~..~~. ...~.~..


You could see a river rat (ally target), a kobold (ally target), a friendly
quokka (summoned) and a friendly rat (summoned).

Vanquished Creatures
  A kobold brigand (Sewer)
  Natasha (D:2)
  6 adders (D:2)
  4 river rats
  3 ball pythons (D:1)
  5 endoplasms
  A giant cockroach (D:3)
  2 goblins (D:2)
  5 hobgoblins
  4 quokkas
  A bat (D:1)
  3 frilled lizards
  3 rats (D:1)
39 creatures vanquished.

Vanquished Creatures (collateral kills)
  Natasha (twice) (D:2)
  2 adders
  A worm (D:2)
  A dart slug (D:1)
  4 endoplasms
  A giant cockroach (D:2)
  2 goblins (D:1)
  2 hobgoblins
  A quokka (D:2)
  4 ball pythons
  3 bats
  2 frilled lizards
  4 kobolds
  5 rats
34 creatures vanquished.

Vanquished Creatures (others)
  7 plants (Sewer)
7 creatures vanquished.

Grand Total: 80 creatures vanquished

Notes
Turn   | Place    | Note
-------+----------+-------------------------------------------
     0 | D:1      | NinjaNoafa the Demonspawn Wanderer began the quest for the
                  | Orb.
     0 | D:1      | NinjaNoafa set off with the following items: a +0 club, a
                  | potion of heal wounds, a +0 ring mail; and the following
                  | spell memorised: Summon Small Mammal; and the following
                  | spells available to memorise: Call Imp, Cigotuvi's Dreadful
                  | Rot, Sublimation of Blood, Summon Lightning Spire.
     0 | D:1      | Reached XP level 1. HP: 13/13 MP: 6/6
   146 | D:1      | Gained mutation: You may rarely emit foul miasma when
                  | damaged in melee. [demonic ancestry]
   146 | D:1      | Reached XP level 2. HP: 19/19 MP: 8/8
   423 | D:1      | Reached skill level 1 in Shields
   464 | D:1      | Found Ihoiveuluwk's General Store.
   766 | D:2      | Gained mutation: You sometimes emit foul miasma when
                  | damaged in melee. [demonic ancestry]
   766 | D:2      | Reached XP level 3. HP: 24/24 MP: 7/9
   909 | D:2      | Reached XP level 4. HP: 30/30 MP: 11/11
  1372 | D:2      | Noticed Natasha
  1386 | D:2      | Killed Natasha
  1387 | D:2      | Gained mutation: You have an unusually large brain. (Int
                  | +2) [demonic ancestry]
  1387 | D:2      | Reached XP level 5. HP: 6/35 MP: 10/12
  1592 | D:2      | Noticed Natasha
  1606 | D:2      | Killed Natasha
  1630 | D:2      | Found a snail-covered altar of Cheibriados.
  1863 | D:2      | Noticed Natasha
  1876 | D:2      | Killed Natasha
  1877 | D:2      | Reached skill level 5 in Summonings
  2171 | D:3      | Found a glowing drain.
  2175 | Sewer    | Entered a sewer
  2285 | Sewer    | Gained mutation: You regenerate a little health from kills.
                  | [demonic ancestry]
  2285 | Sewer    | Reached XP level 6. HP: 16/41 MP: 10/13
  2302 | Sewer    | HP: 3/61 [river rat (5)]
  2303 | Sewer    | Slain by a kobold

Illustrated notes

Levels and vault maps discovered:
D:1:      mainiacjoe_arrival_reflecting_pool, layout_basic, serial_shops,
          nicolae_shop_waterfront
D:2:      minmay_angry_zag, layout_loops_ring, basic_altar,
          chequers_mini_garden, uniq_natasha
D:3:      layout_loops_cross, gup_sewer_entry_bowl, dreamdust_mushroom_princess
Sewer:    sewer_co_scattered_pipes

Skill      XL: |  1  2  3  4  5 |
---------------+----------------+-----
Shields        | 1 2 4 |  4.3
Summonings     | 4 5 |  5.0
Armour         | |  1.7
Spellcasting   | |  5.0

Action                   |  1- 3 |  4- 6 || total
-------------------------+-------+-------++-------
Melee: Dagger            |    24 |       ||    24
       Club              |     7 |       ||     7
       Short sword       |    41 |   109 ||   150
 Cast: Summon Small Mamm |    27 |    44 ||    71
  Use: Potion            |     1 |     5 ||     6
 Stab: Distracted        |       |     1 ||     1
Armor: Ring mail         |    50 |    41 ||    91
       Skin              |       |     7 ||     7
Dodge: Dodged            |    49 |    45 ||    94
Block: Buckler           |    16 |    49 ||    65

Table legend: (Time is in decaauts)
 A = Elapsed time spent in this place.
 B = Non-inter-level travel time spent in this place.
 C = Inter-level travel time spent in this place.
 D = Time resting spent in this place.
 E = Time spent auto-exploring this place.
 F = Levels seen in this place.
 G = Mean time per level.
                   A        B        C        D        E       F      G
               +--------+--------+--------+--------+--------+-----+--------+
         Total |   2328 |   2255 |     73 |      0 |   1609 |   4 |  582.0 |
       Dungeon |   2193 |   2120 |     73 |      0 |   1544 |   3 |  731.0 |
         Sewer |    135 |    135 |      0 |      0 |     64 |   1 |  135.0 |
               +--------+--------+--------+--------+--------+-----+--------+

Top non-repeatable levels by time:
     D:2: 1268 daAuts
     D:1: 728 daAuts
     D:3: 196 daAuts
   Sewer: 135 daAuts
